 Dungeon Crawl Stone Soup version 0.26-a0-651-gb41185065b (webtiles) character file.

Game seed: 4795154819278849948

61 grandjackal the Ducker (level 3, 0/28 HPs)
             Began as a Demonspawn Gladiator on Sept 30, 2020.
             Slain by a kobold (2 damage)
             ... on level 2 of the Dungeon.
             The game lasted 00:01:21 (1128 turns).

grandjackal the Ducker (Demonspawn Gladiator)       Turns: 1128, Time: 00:01:21

Health: 0/28       AC:  7    Str: 15    XL:     3   Next: 83%
Magic:  3/3        EV: 13    Int:  9    God:
Gold:   23         SH:  0    Dex: 14    Spells: 2/2 levels left

rFire    . . .     SeeInvis .   a - +0 long sword
rCold    . . .     Faith    .   (no shield)
rNeg     . . .     Spirit   .   b - +0 leather armour
rPois    .         Reflect  .   (helmet restricted)
rElec    .         Harm     .   c - +0 cloak
rCorr    .         Rampage  .   l - +0 pair of gloves
MR       .....                  (no boots)
Stlth    +.........             (no amulet)
HPRegen  0.09/turn              (no ring)
MPRegen  0.08/turn              (no ring)

@: no status effects
A: antennae 1, slimy green scales 1
a: no special abilities


You were on level 2 of the Dungeon.
You visited 1 branch of the dungeon, and saw 2 of its levels.

You collected 23 gold pieces.

Inventory:

Hand Weapons
 a - a +0 long sword (weapon)
 i - a +2 vampiric dagger
Missiles
 d - 2 throwing nets (quivered)
Armour
 b - a +0 leather armour (worn)
 c - a +0 cloak (worn)
 l - a +0 pair of gloves (worn)
Scrolls
 e - a scroll of remove curse {unknown}
 f - 2 scrolls of amnesia {unknown}
 g - 2 scrolls of identify {unknown}
Potions
 h - a potion of lignification {unknown}
 j - a potion of brilliance {unknown}
 k - a potion of mutation {unknown}
 m - a potion of heal wounds {unknown}
 n - a potion of haste {unknown}


   Skills:
 + Level 2.8 Fighting
 + Level 3.2 Long Blades
 - Level 1.7 Throwing
 + Level 3.2 Dodging
 + Level 0.7 Stealth


You had 2 spell levels left.
You didn't know any spells.
Your spell library was empty.

Dungeon Overview and Level Annotations

Branches:
Dungeon (2/15)

Altars:
Cheibriados
Qazlal


Innate Abilities, Weirdness & Mutations

You have a pair of small antennae on your head.
You are partially covered in slimy green scales. (AC +2)


Message History

Natasha is caught in the net!
Natasha is heavily wounded.
Unknown command.
You hit Natasha but do no damage.
Natasha is heavily wounded.
Natasha struggles against the net.
Natasha stares at you and mumbles some strange words.
The magic dart hits you.
* * * LOW HITPOINT WARNING * * *
Natasha struggles against the net.
You slash Natasha!
You kill Natasha!
Natasha screams in pain as she dies!
You closely miss the kobold. The kobold closely misses you.
You riposte.
You hit the kobold but do no damage. You barely miss the kobold.
The kobold barely misses you.
You closely miss the kobold. The kobold closely misses you.
The kobold hits you but does no damage.
You closely miss the kobold. The kobold hits you.
You die...

...........##..<.....####.
............#..............
................#..#.
..................##
..........(.....##
####............#
#.###..........##
##_.♣#..........#
#8..@K..........#
##_.♣#..........# #.#
#........... ##
#..K......... #...........
........... ...........
#........... ##..........


You could see a kobold.

Vanquished Creatures
  Natasha (D:2)
  An ooze (D:2)
  A dart slug (D:1)
  3 leopard geckos
  A giant cockroach (D:1)
  5 goblins
  3 hobgoblins (D:1)
  A ball python (D:1)
  2 bats (D:1)
  2 frilled lizards (D:1)
  5 kobolds
  2 rats (D:1)
27 creatures vanquished.

Notes
Turn   | Place    | Note
-------+----------+-------------------------------------------
     0 | D:1      | grandjackal the Demonspawn Gladiator began the quest for
                  | the Orb.
     0 | D:1      | Reached XP level 1. HP: 16/16 MP: 1/1
   313 | D:1      | Gained mutation: You are partially covered in slimy green
                  | scales. (AC +2) [demonic ancestry]
   313 | D:1      | Reached XP level 2. HP: 19/22 MP: 2/2
   889 | D:2      | Gained mutation: You have a pair of small antennae on your
                  | head. [demonic ancestry]
   889 | D:2      | Reached XP level 3. HP: 13/28 MP: 3/3
  1096 | D:2      | Noticed Natasha
  1101 | D:2      | Found a snail-covered altar of Cheibriados.
  1102 | D:2      | Found a stormy altar of Qazlal.
  1124 | D:2      | Killed Natasha
  1128 | D:2      | Slain by a kobold

Illustrated notes

Levels and vault maps discovered:
D:1:      dpeg_arrival_rooms_a, layout_basic
D:2:      layout_rooms, gammafunk_temple_overflow_statue, uniq_natasha

Skill      XL: |  1  2 |
---------------+-------+-----
Dodging        | 3 |  3.2
Long Blades    | 3 |  3.2
Fighting       | |  2.8
Throwing       | |  1.7
Stealth        | |  0.7

Action                   || total
-------------------------++-------
Melee: Long sword        ||    88
Throw: Throwing net      ||     1
Armor: Leather armour    ||    24
Dodge: Dodged            ||    73
       Rpst.: Long sword ||    23

Table legend: (Time is in decaauts)
 A = Elapsed time spent in this place.
 B = Non-inter-level travel time spent in this place.
 C = Inter-level travel time spent in this place.
 D = Time resting spent in this place.
 E = Time spent auto-exploring this place.
 F = Levels seen in this place.
 G = Mean time per level.
                   A        B        C        D        E       F      G
               +--------+--------+--------+--------+--------+-----+--------+
         Total |   1150 |   1142 |      8 |    255 |    652 |   2 |  575.0 |
       Dungeon |   1150 |   1142 |      8 |    255 |    652 |   2 |  575.0 |
               +--------+--------+--------+--------+--------+-----+--------+

Top non-repeatable levels by time:
     D:1: 872 daAuts
     D:2: 278 daAuts
